 Dungeon Crawl Stone Soup version 0.30.0-3-ga4e48a9924 (webtiles) character file.

Game seed: 1350537205791767884

53 dialectric the Sneak (level 3, -3/18 HPs)
             Began as a Spriggan Brigand on May 7, 2023.
             Slain by a cerulean imp
             ... wielding a +2 spear
             ... summoned by Natasha
              (7 damage)
             ... on level 2 of the Dungeon.
             The game lasted 00:01:10 (756 turns).

dialectric the Sneak (Spriggan Brigand)              Turns: 756, Time: 00:01:11

Health: -3/18      AC:  3    Str:  7    XL:     3   Next: 62%
Magic:  4/4        EV: 16    Int: 12    God:
Gold:   94         SH:  0    Dex: 18    Spells: 2/2 levels left

rFire   . . .        i - +2 dagger (speed)
rCold   . . .        (no shield)
rNeg    . . .        b - +0 robe
rPois   .            (helmet restricted)
rElec   .            l - +0 cloak
rCorr   .            (gloves unavailable)
SInv    +            (boots unavailable)
Will    .....        (no amulet)
Stlth   ++++         (no ring)
HPRegen 0.23/turn    (no ring)
MPRegen 0.09/turn

%: no passive effects
@: slowed, quick
A: very small, no large weapons, unfitting armour, see invisible, speed 3
a: no special abilities


You were on level 2 of the Dungeon.
You visited 1 branch of the dungeon, and saw 2 of its levels.

You collected 94 gold pieces.

Inventory:

Hand Weapons
 a - a +2 dagger
 i - a +2 dagger of speed (weapon)
Missiles
 d - 13 poisoned darts (quivered)
 e - 3 curare-tipped darts
Armour
 b - a +0 robe (worn)
 c - a +0 cloak
 l - a +0 cloak (worn)
Scrolls
 f - a scroll of teleportation {unknown}
 g - a scroll of fog {unknown}
Potions
 h - a potion of attraction {unknown}
 j - a potion of might {unknown}
 k - a potion of ambrosia {unknown}
 m - a potion of flight {unknown}
 n - 2 potions of haste {unknown}
 o - a potion of curing {unknown}
 p - a potion of heal wounds {unknown}


   Skills:
 + Level 1.8 Fighting
 - Level 2.1 Short Blades
 + Level 2.0 Throwing
 + Level 1.6 Dodging
 * Level 7.8 Stealth


You had 2 spell levels left.
You didn't know any spells.
Your spell library contained the following spells:

 Spells                   Type           Power      Damage    Failure   Level
 Inner Flame              Hex/Fire       0%         N/A       69%         3
 Flame Wave               Conj/Fire      0%         2d4       97%         4
 Sticky Flame             Conj/Fire      0%         2d3       97%         4
 Summon Ice Beast         Ice/Summ       0%         N/A       97%         4
 Summon Mana Viper        Hex/Summ       0%         N/A       100%        5
 Monstrous Menagerie      Summ           0%         N/A       100%        7


Dungeon Overview and Level Annotations

Branches:
Dungeon (2/15)

Altars:

Annotations:
D:2 Natasha


Innate Abilities, Weirdness & Mutations

You are very small and have problems with some larger weapons.
You are too small for most types of armour.
You have supernaturally acute eyesight. (SInv)
You cover ground extremely quickly. (Speed+++)


Message History

A kobold is nearby!
Found 4 stones.
Natasha, Servant of Life and Death comes into view.
A frilled lizard comes into view.
Natasha hisses angrily.
Natasha stares at you and mumbles some strange words.
You feel yourself slow down.
The helpless kobold fails to defend itself.
You perforate the kobold like a sieve!!!
You kill the kobold!
Natasha mumbles some strange words.
You hear a shout!
A kobold comes into view. It is wielding a +0 whip.
Natasha mumbles some strange words.
The cerulean imp barely misses you. The cerulean imp closely misses you.
The cerulean imp completely misses you.
The frilled lizard hisses angrily.
You hit Natasha but do no damage.
The cerulean imp hits you from afar with a +0 spear.
The cerulean imp misses you. Natasha barely misses you.
You hit Natasha but do no damage. The cerulean imp misses you.
The cerulean imp hits you with a +2 spear.
Natasha drinks a potion.
Natasha's spells are empowered!
You hit Natasha.
Natasha is moderately wounded.
The cerulean imp barely misses you. The cerulean imp closely misses you.
Natasha completely misses you. The kobold hits you but does no damage.
You hit Natasha.
Natasha is heavily wounded.
The cerulean imp barely misses you. The cerulean imp misses you.
Natasha claws you.
* * * LOW HITPOINT WARNING * * *
The kobold misses you.
You are too injured to fight recklessly!
You are too injured to fight recklessly!
You are too injured to fight recklessly!
Unknown command.
Natasha attacks as you move away! Natasha barely misses you.
The cerulean imp hits you from afar with a +2 spear!
You die...

# #.##.#....#....# # #.#
..........$# . #.#
####.......##### #.#
##.$......... ..#
##.....####. ...
##......# #
#......>###.###
#.#.)...5......
#..#...@#h......
..........5l.(...
..####.....K......
#######.#................
..............#.##.......
.............##.. .......
..####..####. ... #......
...##..## # ##. .#####
......## .#


You could see 2 cerulean imps, a kobold and a frilled lizard.

Vanquished Creatures
  An adder (D:2)
  2 dart slugs (D:1)
  A ball python (D:2)
  4 bats
  3 endoplasms (D:1)
  3 giant cockroaches (D:1)
  A goblin (D:1)
  6 hobgoblins
  4 kobolds
  3 quokkas
  4 frilled lizards
  3 rats (D:1)
35 creatures vanquished.

Notes
Turn   | Place    | Note
-------+----------+-------------------------------------------
     0 | D:1      | dialectric the Spriggan Brigand began the quest for the
                  | Orb.
     0 | D:1      | Reached XP level 1. HP: 10/10 MP: 2/2
     7 | D:1      | Reached skill level 6 in Stealth
   106 | D:1      | Reached XP level 2. HP: 15/15 MP: 3/3
   259 | D:1      | Reached skill level 7 in Stealth
   350 | D:1      | Found a faded altar of an unknown god.
   443 | D:1      | Reached XP level 3. HP: 18/18 MP: 4/4
   745 | D:2      | Noticed Natasha
   756 | D:2      | Slain by a cerulean imp

Illustrated notes

Levels and vault maps discovered:
D:1:      minmay_arrival_four_circles, layout_basic,
          shapermc_ecumenical_altar_flowoftime
D:2:      layout_rooms, uniq_crazy_yiuf_cottage, uniq_natasha

Skill      XL: |  1  2 |
---------------+-------+-----
Stealth        | 6 7 |  7.8
Fighting       | |  1.8
Short Blades   | |  2.1
Throwing       | |  2.0
Dodging        | |  1.6

Action                     || total
---------------------------++-------
  Melee: Dagger            ||    78
         Punch             ||     1
   Stab: Sleeping          ||    16
 Armour: Robe              ||     8
  Dodge: Dodged            ||    49
